 Dungeon Crawl Stone Soup version 0.25.0-9-g26727b657a (webtiles) character file.

Game seed: 1398873993110299970

98 mopl the Ducker (level 4, -1/25 HPs)
             Began as a Deep Elf Chaos Knight on June 18, 2020.
             Slain by a scorpion (6 damage)
             ... on level 4 of the Dungeon.
             The game lasted 00:03:41 (2296 turns).

mopl the Ducker (Deep Elf Chaos Knight)             Turns: 2296, Time: 00:03:42

Health: -1/25      AC:  6    Str:  9    XL:     4   Next: 44%
Magic:  6/6        EV: 12    Int: 18    God:
Gold:   182        SH:  3    Dex: 14    Spells: 3/3 levels left

rFire    . . .     SeeInvis .   a - +0 short sword (chaos)
rCold    . . .     Gourm    .   p - +0 buckler
rNeg     . . .     Faith    .   b - +2 leather armour
rPois    .         Spirit   .   (no helmet)
rElec    .         Reflect  .   i - +0 cloak
rCorr    .         Harm     .   (no gloves)
MR       .....                  (no boots)
Stlth    ++........             (no amulet)
HPRegen  0.08/turn              (no ring)
MPRegen  0.10/turn              (no ring)

@: no status effects
A: frail 1, wild magic 1
a: no special abilities


You were on level 4 of the Dungeon.
You were hungry.

You visited 1 branch of the dungeon, and saw 4 of its levels.

You collected 182 gold pieces.

Inventory:

Hand Weapons
 a - a +0 short sword of chaos (weapon)
Armour
 b - a +2 leather armour (worn)
 i - a +0 cloak (worn)
 p - a +0 buckler (worn)
Jewellery
 g - an uncursed amulet of faith
 j - an uncursed ring of fire
Scrolls
 e - 2 scrolls of remove curse {unknown}
 f - 2 scrolls of blinking {unknown}
 l - a scroll of immolation {unknown}
 n - 2 scrolls of teleportation {unknown}
 o - 3 scrolls of identify {unknown}
 t - a scroll of enchant armour {unknown}
Potions
 d - 2 potions of degeneration {unknown}
 k - 2 potions of curing
 m - a potion of haste {unknown}
 q - 2 potions of lignification {unknown}
 r - a potion of ambrosia {unknown}
 s - a potion of might {unknown}
Comestibles
 c - 10 rations
 h - 2 chunks of flesh


   Skills:
 + Level 3.2 Fighting
 - Level 3.0 Short Blades
 - Level 0.7 Armour
 + Level 3.8 Dodging
 + Level 2.9 Stealth


You had 3 spell levels left.
You didn't know any spells.
Your spell library was empty.

Dungeon Overview and Level Annotations

Branches:
Dungeon (4/15)
 Temple: D:4-7

Altars:
Fedhas
Trog


Innate Abilities, Weirdness & Mutations

You are frail. (-10% HP)
Your spells are a little harder to cast, but a little more powerful.


Message History

You closely miss the scorpion.
The scorpion is severely wounded.
The scorpion stings you.
* * * LOW HITPOINT WARNING * * *
You are lethally poisoned!
The scorpion poisons you!
You hit the scorpion but do no damage.
The scorpion is severely wounded.
* * * LOW HITPOINT WARNING * * *
You feel sick.
The scorpion stings you but does no damage.
You feel better. The scorpion stings you.
* * * LOW HITPOINT WARNING * * *
You hit the scorpion.
The scorpion suddenly seems more agile.
The scorpion is severely wounded.
The scorpion misses you.
You barely miss the scorpion.
The scorpion is severely wounded.
The scorpion stings you.
You die...

########### #####
#.........######...#
#..................#
######.#######..#.###...#
#........s@.......# ##.##
#.###..#######....####.#
#... ...........# ##
#.... .......####.# #.
.(..#. ###....# #.# #.
##...#.# #....# #.###.
#...# # #..... .....
............ .#######.###


You could see a scorpion (agile).

Vanquished Creatures
  4 adders
  An adder skeleton (D:4)
  3 dart slugs
  5 giant cockroaches
  6 goblins
  7 hobgoblins
  5 kobolds
  A quokka (D:3)
  9 bats
  7 frilled lizards
  9 rats
57 creatures vanquished.

Notes
Turn   | Place    | Note
-------+----------+-------------------------------------------
     0 | D:1      | mopl the Deep Elf Chaos Knight began the quest for the Orb.
     0 | D:1      | Reached XP level 1. HP: 13/13 MP: 3/3
     0 | D:1      | Fell from the grace of Xom
   107 | D:1      | Reached skill level 1 in Stealth
   107 | D:1      | Reached XP level 2. HP: 11/18 MP: 4/4
   933 | D:2      | Reached XP level 3. HP: 19/22 MP: 5/5
  1059 | D:2      | Found a bloodstained altar of Trog.
  1564 | D:3      | XOM: give mutations
  1564 | D:3      | Gained mutation: You are frail. (-10% HP) [Xom's mischief]
  1564 | D:3      | Gained mutation: Your spells are a little harder to cast,
                  | but a little more powerful. [Xom's mischief]
  1641 | D:3      | Found a blossoming altar of Fedhas.
  1746 | D:3      | Reached XP level 4. HP: 17/25 MP: 6/6
  2290 | D:4      | HP: 1/25 [scorpion (5)]
  2296 | D:4      | Slain by a scorpion

Illustrated notes

Levels and vault maps discovered:
D:1:      minmay_arrival_four_houses, layout_basic
D:2:      minmay_wonky_spiral, layout_basic, bloody_trog
D:3:      layout_basic, lemuel_doored_altar
D:4:      layout_loops_ring, gup_sewer_entry_bubbles, first_ration

Skill      XL: |  1  2  3 |
---------------+----------+-----
Stealth        | 1 2 |  2.9
Dodging        | 3 |  3.8
Fighting       | 3 |  3.2
Short Blades   | |  3.0
Armour         | |  0.7

Action                   |  1- 3 |  4- 6 || total
-------------------------+-------+-------++-------
Melee: Short sword       |   161 |    64 ||   225
Invok: Renounce Religion |     1 |       ||     1
  Use: Potion            |       |     2 ||     2
 Stab: Paralysed         |     1 |     1 ||     2
       Sleeping          |     3 |     3 ||     6
       Petrified         |     1 |       ||     1
  Eat: Chunk             |     3 |     1 ||     4
Armor: Leather armour    |    56 |    18 ||    74
Dodge: Dodged            |    89 |    45 ||   134
Block: Buckler           |     4 |    12 ||    16
